 Dungeon Crawl Stone Soup version 0.30-a0-374-g95c0257040 (webtiles) character file.

Game seed: 5507062572734543110

546 NinjaNoafa the Cutter (level 7, -3/33 HPs)
             Began as a Spriggan Hunter on Nov 25, 2022.
             Killed from afar by a white imp (8 damage)
             ... with a puff of frost
             ... on level 6 of the Dungeon.
             The game lasted 00:10:14 (4853 turns).

NinjaNoafa the Cutter (Spriggan Hunter)             Turns: 4853, Time: 00:10:16

Health: -3/33      AC:  2    Str:  7    XL:     7   Next: 6%
Magic:  8/8        EV: 33    Int: 17    God:
Gold:   240        SH:  0    Dex: 20    Spells: 6/6 levels left

rFire   . . .      SeeInvis +    j - +0 shortbow
rCold   . . .      Faith    .    (shield currently unavailable)
rNeg    . . .      Spirit   .    c - +0 robe
rPois   .          Reflect  .    i - +0 hat
rElec   .          Harm     .    (no cloak)
rCorr   .          Rampage  .    (gloves unavailable)
Will    +....                    (boots unavailable)
Stlth   ++........               y - amulet of the acrobat
HPRegen 0.25/turn                d - +6 ring of intelligence
MPRegen 0.11/turn                (no ring)

@: acrobatic, very quick
A: very small, no large weapons, unfitting armour, see invisible, speed 3
a: no special abilities


You were on level 6 of the Dungeon.
You visited 1 branch of the dungeon, and saw 5 of its levels.

You collected 266 gold pieces.
You spent 26 gold pieces at shops.

Inventory:

Hand Weapons
 a - a +0 dagger of venom
 j - a +0 shortbow (weapon)
Missiles
 f - 42 stones
 n - 18 poisoned darts
 w - 6 boomerangs
Armour
 c - a +0 robe (worn)
 i - a +0 hat (worn)
Jewellery
 d - a +6 ring of intelligence (left hand)
 y - an amulet of the acrobat (around neck)
Scrolls
 b - a scroll of immolation
 e - 5 scrolls of teleportation
 g - 2 scrolls of identify
 k - a scroll of vulnerability
 l - 2 scrolls of fog
 r - a scroll of fear {unknown}
 s - 2 scrolls of blinking {unknown}
 x - a scroll of enchant weapon {unknown}
Potions
 h - 3 potions of heal wounds
 m - 3 potions of lignification
 o - a potion of haste {unknown}
 p - a potion of flight {unknown}
 q - a potion of magic {unknown}
 t - 2 potions of curing {unknown}
 u - a potion of might {unknown}
 v - a potion of mutation {unknown}


   Skills:
 - Level 1.5 Fighting
 + Level 7.4 Short Blades
 - Level 5.0 Ranged Weapons
 - Level 2.6 Dodging
 - Level 1.5 Stealth


You had 6 spell levels left.
You didn't know any spells.
Your spell library contained the following spells:

 Spells                   Type           Power      Damage    Failure   Level
 Apportation              Tloc           0%         N/A       24%         1
 Necrotise                Necr           0%         1d4       24%         1
 Summon Small Mammal      Summ           0%         N/A       24%         1
 Sublimation of Blood     Necr           0%         N/A       34%         2
 Wereblood                Tmut           0%         N/A       34%         2
 Kindle Blastsparks       Fire/Tloc/Air  0%         2d10      56%         3
 Fulminant Prism          Conj/Hex       0%         3d5       93%         4
 Iskenderun's Mystic Bla  Conj/Tloc      0%         2d3       93%         4
 Lee's Rapid Deconstruct  Erth           0%         3d4*      100%        5
 Summon Hydra             Summ           0%         N/A       100%        7


Dungeon Overview and Level Annotations

Branches:
Dungeon (6/15)
 Temple: D:4-7

Altars:
Cheibriados
Gozag
Yredelemnul
Zin

Shops:
D:2 (*

Annotations:
D:3 1 runed translucent door, sirJeffrey23's ghost, amateur BaFi


Innate Abilities, Weirdness & Mutations

You are very small and have problems with some larger weapons.
You are too small for most types of armour.
You have supernaturally acute eyesight. (SInv)
You cover ground extremely quickly. (Speed+++)


Message History

You hit the white imp but do no damage.
The white imp is poisoned.
The white imp completely misses you.
You closely miss the white imp.
The white imp is lightly wounded.
You hit the white imp.
The white imp is heavily wounded.
The white imp hits you. The white imp freezes you.
You hit the white imp.
The white imp is severely wounded.
The white imp completely misses you.
You hit the white imp but do no damage.
The white imp is severely wounded.
You hit the white imp but do no damage.
The white imp is severely wounded.
The white imp closely misses you.
You barely miss the white imp.
The white imp is severely wounded.
The white imp grinds its teeth.
The white imp gestures at you. The puff of frost hits you!
You hit the white imp but do no damage.
The white imp is severely wounded.
You barely miss the white imp.
The white imp is severely wounded.
The white imp hits you. The white imp freezes you.
* * * LOW HITPOINT WARNING * * *
You closely miss the white imp.
The white imp is severely wounded.
The white imp hits you.
* * * LOW HITPOINT WARNING * * *
The white imp freezes you.
* * * LOW HITPOINT WARNING * * *
You closely miss the white imp.
The white imp is severely wounded.
Unknown command.
Your +0 dagger of venom stops dripping with poison.
j - a +0 shortbow (weapon)
The white imp gestures at you. The puff of frost hits you!
You die...

..........# #...# ##...#
+....# #....# #.5..# ...
##.### ...########
###.#######.........
#..@.#....#.........
#....#....#.........
#....'....#.........
#....#....#.........
#...#######....).)).
#####...###.......######
..........#......)#.....
..........#.......'.....
..........#.....).#.....


You could see a white imp (poisoned).

Vanquished Creatures
  An ice beast (D:6)
  A kobold brigand (D:6)
  A scorpion (D:4)
  A hound (D:3)
  A jelly (D:6)
  Natasha (thrice) (D:3)
  Terence (D:3)
  6 adders
  2 white imps (D:6)
  2 worms
  3 dart slugs
  4 orcs
  4 ball pythons
  11 bats
  8 endoplasms
  3 giant cockroaches
  4 hobgoblins
  2 jackals (D:3)
  14 kobolds
  6 quokkas
  7 frilled lizards
  7 goblins
  4 rats
96 creatures vanquished.

Vanquished Creatures (others)
  16 plants (D:3)
16 creatures vanquished.

Grand Total: 112 creatures vanquished

Notes
Turn   | Place    | Note
-------+----------+-------------------------------------------
     0 | D:1      | NinjaNoafa the Spriggan Hunter began the quest for the Orb.
     0 | D:1      | Reached XP level 1. HP: 10/10 MP: 2/2
    79 | D:1      | Reached XP level 2. HP: 14/14 MP: 3/3
   686 | D:1      | Reached skill level 5 in Ranged Weapons
   845 | D:2      | Reached XP level 3. HP: 16/18 MP: 4/4
   895 | D:2      | Found Ficucheps's Weapon Shoppe.
  1227 | D:2      | Reached skill level 1 in Short Blades
  1299 | D:2      | Found Kow Halixymu's General Store.
  1308 | D:2      | Bought a scroll of identify for 26 gold pieces
  1497 | D:2      | Reached skill level 2 in Short Blades
  1755 | D:2      | Reached XP level 4. HP: 22/22 MP: 5/5
  2109 | D:3      | Noticed Terence
  2150 | D:3      | Killed Terence
  2151 | D:3      | Reached skill level 3 in Short Blades
  2226 | D:3      | Found a snail-covered altar of Cheibriados.
  2231 | D:3      | Found a glowing silver altar of Zin.
  2538 | D:3      | Reached XP level 5. HP: 25/25 MP: 6/6
  2550 | D:3      | Reached skill level 4 in Short Blades
  2905 | D:3      | Found a runed translucent door.
  2907 | D:3      | Noticed sirJeffrey23's ghost (amateur BaFi)
  2990 | D:3      | Found a basalt altar of Yredelemnul.
  3089 | D:3      | Found a faded altar of an unknown god.
  3209 | D:3      | Noticed Natasha
  3219 | D:3      | Killed Natasha
  3671 | D:3      | Noticed Natasha
  3684 | D:3      | Killed Natasha
  3685 | D:3      | Reached skill level 5 in Short Blades
  3960 | D:3      | Noticed Natasha
  3975 | D:3      | Killed Natasha
  4162 | D:4      | Reached XP level 6. HP: 29/30 MP: 7/7
  4397 | D:4      | You fall into a shaft and drop 2 floors!
  4410 | D:6      | Reached skill level 6 in Short Blades
  4418 | D:6      | HP: 1/30 [white imp/puff of frost (4)]
  4429 | D:6      | Found an opulent altar of Gozag.
  4433 | D:6      | Noticed an ice beast
  4460 | D:6      | Killed an ice beast
  4564 | D:6      | Reached skill level 7 in Short Blades
  4710 | D:6      | Reached XP level 7. HP: 26/33 MP: 8/8
  4853 | D:6      | Killed from afar by a white imp

Illustrated notes

Levels and vault maps discovered:
D:1:      eino_arrival_cavern_c, layout_loops_ring,
          minmay_misc_feat_secret_circle, minmay_tetromino_i2
D:2:      layout_basic, serial_shops, nicolae_shop_bloodbath_and_beyond, shop
D:3:      layout_loops_corners, grunt_temple_overflow_open,
          mainiacjoe_overflow_cross_hatched, ebering_ecumenical_altar_webs,
          ebering_ghost_reflecting_pool, minmay_randomly_rotated_circles,
          uniq_terence, uniq_natasha
D:4:      layout_basic, mainiacjoe_overflow_six_doors_small, grunt_decor_cap,
          chequers_serial_rivers_room_b
D:6:      layout_gridville, old_standard_altar, kennysheep_generic_room_3

Skill      XL: |  1  2  3  4  5  6 |
---------------+-------------------+-----
Ranged Weapons | 5 |  5.0
Short Blades   | 2 3 5 7 |  7.4
Fighting       | |  1.5
Dodging        | |  2.6
Stealth        | |  1.5

Action                   |  1- 3 |  4- 6 |  7- 9 || total
-------------------------+-------+-------+-------++-------
Melee: Short sword       |    67 |     7 |       ||    74
       Punch             |     2 |     3 |       ||     5
       Dagger            |       |   137 |    18 ||   155
 Fire: Shortbow          |    67 |    49 |     3 ||   119
Throw: Dart              |       |     8 |       ||     8
  Use: Scroll            |     4 |       |       ||     4
       Potion            |       |     2 |       ||     2
 Stab: Sleeping          |     3 |     4 |       ||     7
Armor: Robe              |     9 |    14 |       ||    23
       Skin              |       |     7 |       ||     7
Dodge: Dodged            |    59 |   147 |     8 ||   214

Table legend: (Time is in decaauts)
 A = Elapsed time spent in this place.
 B = Non-inter-level travel time spent in this place.
 C = Inter-level travel time spent in this place.
 D = Time resting spent in this place.
 E = Time spent auto-exploring this place.
 F = Levels seen in this place.
 G = Mean time per level.
                   A        B        C        D        E       F      G
               +--------+--------+--------+--------+--------+-----+--------+
         Total |   3243 |   2762 |    481 |      0 |   2056 |   5 |  648.6 |
       Dungeon |   3243 |   2762 |    481 |      0 |   2056 |   5 |  648.6 |
               +--------+--------+--------+--------+--------+-----+--------+

Top non-repeatable levels by time:
     D:3: 1268 daAuts
     D:2: 807 daAuts
     D:1: 544 daAuts
     D:6: 376 daAuts
     D:4: 246 daAuts
